 Dungeon Crawl Stone Soup version 0.29-a0-218-gf2abdc9806 (webtiles) character file.

Game seed: 6434263669456331220

90 Aksej the Skirmisher (level 4, -1/34 (37) HPs)
             Began as a Demonspawn Monk on Feb 25, 2022.
             Killed from afar by an orc wizard (8 damage)
             ... with a magic dart
             ... on level 3 of the Dungeon.
             The game lasted 00:03:11 (2233 turns).

Aksej the Skirmisher (Demonspawn Monk)              Turns: 2233, Time: 00:03:11

HP:   -1/34 (37)    AC:  3    Str: 12    XL:     4   Next: 32%
MP:   4/4           EV: 13    Int: 11    God:
Gold: 129           SH:  0    Dex: 17    Spells: 3/3 levels left

rFire   . . .      SeeInvis .   a - +0 mace (elec)
rCold   . . .      Faith    .   (no shield)
rNeg    . . .      Spirit   .   b - +1 robe
rPois   .          Reflect  .   (no helmet)
rElec   .          Harm     .   (no cloak)
rCorr   .          Rampage  .   (no gloves)
Will    .....                   (no boots)
Stlth   +.........              (no amulet)
HPRegen 0.11/turn               (no ring)
MPRegen 0.09/turn               (no ring)

@: confused, drained
A: spiny 1, sturdy frame 1
a: no special abilities


You were on level 3 of the Dungeon.
You visited 1 branch of the dungeon, and saw 3 of its levels.

You collected 129 gold pieces.

Inventory:

Hand Weapons
 a - a +0 mace of electrocution (weapon)
Missiles
 d - 2 boomerangs (quivered)
Armour
 b - a +1 robe (worn)
Scrolls
 e - 3 scrolls of teleportation
Potions
 c - a potion of curing
 f - 2 potions of haste
 g - a potion of invisibility
 h - a potion of might
 i - a potion of heal wounds {unknown}
 j - a potion of brilliance {unknown}


   Skills:
 * Level 4.0 Fighting
 + Level 3.3 Maces & Flails
 + Level 3.2 Dodging
 + Level 2.2 Stealth


You had 3 spell levels left.
You didn't know any spells.
Your spell library contained the following spells:

 Spells                   Type           Power      Damage    Failure   Level
 Animate Skeleton         Necr           0%         N/A       34%         1
 Corpse Rot               Necr/Air       0%         N/A       47%         2
 Tukima's Dance           Hex            0%         N/A       71%         3
 Anguish                  Hex/Necr       0%         N/A       98%         4
 Agony                    Necr           0%         N/A       100%        5
 Metabolic Englaciation   Hex/Ice        0%         N/A       100%        5
 Enfeeble                 Hex            0%         N/A       100%        7
 Haunt                    Necr/Summ      0%         N/A       100%        7


Dungeon Overview and Level Annotations

Branches:
Dungeon (3/15)

Altars:

Shops:
D:2 (   D:3 (


Innate Abilities, Weirdness & Mutations

You are partially covered in sharp spines.
Your movements are slightly less encumbered by armour. (ER -2)


Message History

Things that are here:
a +2 dagger of draining; a goblin corpse
As you read the scroll labelled ANYRAU FUANWIROR, it crumbles to dust.
It is a scroll of brand weapon.
Your +0 mace crackles with electricity.
a - a +0 mace of electrocution (weapon)
You now have 129 gold pieces (gained 13).
Found 12 stones.
Found a spear.
k - a scroll of identify
As you read the scroll of identify, it crumbles to dust.
h - a potion of might
Found a stone staircase leading down.
An orc and an orc wizard come into view.
The orc wizard shouts!
You hear a shout!
An orc comes into view. It is wielding a +0 flail.
The orc wizard gestures at you while chanting.
The magic dart hits you.
You hit the orc.
The orc is lightly wounded.
The orc hits you with a +0 dagger.
You closely miss the orc wizard. The orc is struck by your spines.
The orc hits you with a +0 dagger.
The orc wizard points at you and mumbles some strange words.
The magic dart hits you!
You hit the orc wizard.
Lightning courses through the orc wizard!
The orc wizard is severely wounded.
The orc hits you with a +0 flail!
* * * LOW HITPOINT WARNING * * *
The orc is struck by your spines.
You kill the orc!
A giant cockroach comes into view.
The orc wizard points at you and mumbles some strange words.
You are confused.
You're too confused to move!
The orc hits you with a +0 flail.
* * * LOW HITPOINT WARNING * * *
The orc wizard gestures at you while chanting.
The magic dart hits you!
You die...

# ##.. ... . #... .B ##
..# ...# .. ... #.# ... .#
...####.# #..#.# .........
### #....# .............
...#####oo.# #...>........
#....>.)#@)###......#.....
#...................#.....
#.......#..#.............)
#............#......#.....
#.......###..#............
#.........##.#.(..........
#.......#........####.....
#.......#........# ##..##
#.......#........# ##...


You could see an orc wizard, an orc and a giant cockroach (wandering).

Vanquished Creatures
  5 adders (D:2)
  3 dart slugs (D:1)
  An orc (D:3)
  6 bats
  4 endoplasms
  2 giant cockroaches
  6 goblins
  2 hobgoblins
  5 ball pythons
  A frilled lizard (D:1)
  3 kobolds (D:1)
  2 rats (D:1)
40 creatures vanquished.

Notes
Turn   | Place    | Note
-------+----------+-------------------------------------------
     0 | D:1      | Aksej the Demonspawn Monk began the quest for the Orb.
     0 | D:1      | Reached XP level 1. HP: 18/18 MP: 1/1
   218 | D:1      | Found a faded altar of an unknown god.
   247 | D:1      | Gained mutation: You are partially covered in sharp spines.
                  | [demonic ancestry]
   247 | D:1      | Reached XP level 2. HP: 14/24 MP: 2/2
  1088 | D:2      | Found Julajy's Antique Weapon Boutique.
  1099 | D:2      | Reached XP level 3. HP: 13/29 MP: 3/3
  1812 | D:2      | Gained mutation: Your movements are slightly less
                  | encumbered by armour. (ER -2) [demonic ancestry]
  1812 | D:2      | Reached XP level 4. HP: 37/37 MP: 4/4
  2002 | D:3      | Reached skill level 4 in Fighting
  2022 | D:3      | Found Muedost's Weapon Boutique.
  2064 | D:3      | Got Teleeg's Almanac of Dark Ice
  2233 | D:3      | Killed from afar by an orc wizard

Illustrated notes

Levels and vault maps discovered:
D:1:      evilmike_arrival_plus, layout_basic, ebering_ecumenical_altar_box
D:2:      layout_basic, serial_shops, nicolae_shop_trees, glass_columns_a,
          minmay_tromino_v4_a
D:3:      layout_rooms, serial_shops, shop

Skill      XL: |  1  2  3  4 |
---------------+-------------+-----
Dodging        | 3 |  3.2
Maces & Flails | 3 |  3.3
Stealth        | 2 |  2.2
Fighting       | 4 |  4.0

Action                   |  1- 3 |  4- 6 || total
-------------------------+-------+-------++-------
Melee: Mace              |    69 |    16 ||    85
  Use: Scroll            |     6 |     3 ||     9
 Stab: Distracted        |     1 |       ||     1
       Sleeping          |     3 |     2 ||     5
Armor: Robe              |    18 |     3 ||    21
Dodge: Dodged            |    60 |     8 ||    68

Table legend: (Time is in decaauts)
 A = Elapsed time spent in this place.
 B = Non-inter-level travel time spent in this place.
 C = Inter-level travel time spent in this place.
 D = Time resting spent in this place.
 E = Time spent auto-exploring this place.
 F = Levels seen in this place.
 G = Mean time per level.
                   A        B        C        D        E       F      G
               +--------+--------+--------+--------+--------+-----+--------+
         Total |   2253 |   2232 |     21 |      0 |   1963 |   3 |  751.0 |
       Dungeon |   2253 |   2232 |     21 |      0 |   1963 |   3 |  751.0 |
               +--------+--------+--------+--------+--------+-----+--------+

Top non-repeatable levels by time:
     D:1: 1097 daAuts
     D:2: 916 daAuts
     D:3: 240 daAuts
